 Dungeon Crawl Stone Soup version 0.17-a0-1435-geafbe2f (webtiles) character file.

116 Malachi the Grave Robber (level 5, -3/39 HPs)
             Began as a Ghoul Necromancer on June 26, 2015.
             Slain by a hobgoblin
             ... wielding a +0 club
              (4 damage)
             ... on level 3 of the Dungeon.
             The game lasted 00:07:09 (2419 turns).

Malachi the Grave Robber (Ghoul Necromancer)        Turns: 2419, Time: 00:07:09

Health: -3/39      AC:  3    Str: 12    XL:     5   Next: 0%
Magic:  6/8        EV: 12    Int: 11    God:
Gold:   96         SH:  0    Dex:  9    Spells: 2 memorised, 8 levels left

rFire  . . .     SeeInvis .     (no weapon)
rCold  + . .     Clarity  .     a - +1 robe
rNeg   + + +     SustAt   .     (no shield)
rPois  ∞         Gourm    .     (no helmet)
rElec  .         Spirit   .     (no cloak)
rCorr  .         Warding  .     (no gloves)
rMut   .         Stasis   .     (no boots)
MR     .....                    (no amulet)
Stlth  ++........               (no ring)
                                (no ring)

@: about to teleport, rotting, not resistant to hostile enchantments, unstealthy
A: rotting body, claws 1, carnivore 3, cold resistance 1, negative energy
resistance 3, slow healing 1, torment resistance, unbreathing
a: no special abilities


You were on level 3 of the Dungeon.
You were not hungry.

You visited 1 branch of the dungeon, and saw 3 of its levels.

You collected 96 gold pieces.

Inventory:

Armour
 a - a +1 robe (worn)
Scrolls
 e - 10 scrolls of identify
 h - 2 scrolls of noise
 i - a scroll of amnesia
 j - 6 scrolls of remove curse
 s - 2 scrolls of immolation {unknown}
Potions
 d - a potion of curing {unknown}
 f - 2 potions of brilliance {unknown}
 k - 2 potions of might {unknown}
 o - a potion of beneficial mutation {unknown}
 r - a potion of degeneration {unknown}
Books
 b - a book of Necromancy

   Spells                             Type                      Level
   a - Pain                           Necromancy                   1
   b - Animate Skeleton               Necromancy                   1
   c - Vampiric Draining              Necromancy                   3
   d - Regeneration                   Charms/Necromancy            3
   e - Animate Dead                   Necromancy                   4
   f - Control Undead                 Necromancy                   4
Comestibles
 c - a meat ration
 l - 2 chunks of flesh
 m - a slice of pizza
 q - a royal jelly


   Skills:
 + Level 0.9 Fighting
 + Level 2.1 Dodging
 + Level 2.5 Stealth
 + Level 0.2 Unarmed Combat
 + Level 3.1 Spellcasting
 + Level 4.7 Necromancy


You had 8 spell levels left.
You knew the following spells:

 Your Spells              Type           Power        Failure   Level  Hunger
a - Pain                  Necr           ##..         3%          1    #......
b - Animate Skeleton      Necr           N/A          3%          1    #......


Dungeon Overview and Level Annotations

Branches:
Dungeon (3/15)

Altars:
Makhleb
Yredelemnul


Innate Abilities, Weirdness & Mutations

Your body is rotting away.
You thrive on raw meat.
You are immune to poison.
You have sharp fingernails.
You are carnivorous and can eat meat at any time.
Your flesh is cold resistant.
You are immune to negative energy.
You heal slowly when monsters are visible.
You are immune to unholy pain and torment.
You can survive without breathing.


Message History

The gnoll hits you from afar with a halberd.
* * * LOW HITPOINT WARNING * * *
Read which item? (? for menu, Esc to quit)
As you read the scroll labeled ZOL GEYMEN, it crumbles to dust.
Forget which spell ([?*] list [ESC] exit)?
Forget which spell ([?*] list [ESC] exit)?
You don't know that spell.
Forget which spell ([?*] list [ESC] exit)?
Okay, then.
It was a scroll of amnesia.
The hobgoblin misses you.
Read which item? (? for menu, Esc to quit)
As you read the scroll labeled CUIVYSIZXO, it crumbles to dust.
You feel strangely unstable.
It was a scroll of teleportation.
You hear the slow rusting of a very distant drain.
Read which item? (? for menu, Esc to quit)
As you read the scroll labeled KIZUOMEHIN, it crumbles to dust.
It is a scroll of enchant armour.
Enchant which item? (? for menu, Esc to quit)
Your +0 robe glows green for a moment.
The hobgoblin hits you with a club.
You die...

*,,,,,,,,,,,,,,*,,,,,,,***,*
*,,,,,,,,,,,,,,*,,,,,,,+,,,*
*,,,,,,,,*******,,,,,,,*****
*######+#######*****,*****,,
**#..g..g.......,* *,,,,,*,*
*,#.####g######*,* *,***,*,*
#####+#.(# #.# #.####.***,*,*
.......g.###.#######.....,,,,,*,*
...#.P.P.g.#.gg.@g......#,*****,*
......Z..#.##########...#,,,,,,,,
.....P.P............+...#******,*
...#..(....##..#..###...# *,*
...#....#..#.......##...##### #.#
*,,#....#.(#........'...'...# #.#
*,,##'###>.#.......##...###.# #.#
......#*#..#.#..#..##...# #.# #.#
....#..,...#........#####*#.# #.#


You could see 2 gnolls and a hobgoblin.

Vanquished Creatures
  A hound (D:2)
  3 adders (D:2)
  2 giant geckos
  3 giant cockroaches
  5 goblins
  5 hobgoblins
  A quokka (D:2)
  A ball python (D:1)
  7 bats
  12 giant newts
  6 kobolds
  7 rats
53 creatures vanquished.

Vanquished Creatures (collateral kills)
  An adder (D:2)
1 creature vanquished.

Grand Total: 54 creatures vanquished

Notes
Turn   | Place    | Note
--------------------------------------------------------------
     0 | D:1      | Malachi the Ghoul Necromancer began the quest for the Orb.
     0 | D:1      | Reached XP level 1. HP: 14/14 MP: 2/2
   441 | D:1      | Reached XP level 2. HP: 4/18 MP: 0/3
  1233 | D:1      | Learned a level 1 spell: Animate Skeleton
  1238 | D:2      | Reached XP level 3. HP: 25/27 MP: 3/5
  1565 | D:2      | Reached XP level 4. HP: 34/34 MP: 0/7
  2144 | D:2      | Found a burning altar of Makhleb.
  2353 | D:3      | Found a basalt altar of Yredelemnul.
  2356 | D:3      | Reached XP level 5. HP: 39/39 MP: 5/8
  2413 | D:3      | HP: 1/39 [gnoll/halberd (3)]
  2419 | D:3      | Slain by a hobgoblin

Vault maps used:
D:1:      lightli_arrival_quake, minmay_vboxes
D:2:      makhleb_blood_cavern_becter, minmay_newt_pond
D:3:      portal_sewer_entry_e, first_bread, yredelemnul_altar_generic

Action                   |  1- 3 |  4- 6 || total
-------------------------+-------+-------++-------
Melee: Unarmed           |    32 |     8 ||    40
 Cast: Pain              |    55 |    36 ||    91
       Animate Skeleton  |     5 |     9 ||    14
  Use: Scroll            |       |     7 ||     7
 Stab: Sleeping          |     1 |       ||     1
  Eat: Chunk             |     6 |     3 ||     9
